 Dungeon Crawl Stone Soup version 0.19.1 (webtiles) character file.

37326 miro123 the Unseen (level 13, -14/69 HPs)
             Began as a Spriggan Enchanter on Dec 17, 2016.
             Was a High Priest of Dithmenos.
             Shot with an arrow by a naga sharpshooter (29 damage)
             ... on level 1 of the Snake Pit on Dec 20, 2016.
             The game lasted 02:43:24 (26520 turns).

miro123 the Unseen (Spriggan Enchanter)            Turns: 26520, Time: 02:43:25

Health: -14/69     AC: 12    Str:  4      XL:     13   Next: 57%
Magic:  24/31      EV: 28    Int: 18 (20) God:    Dithmenos [*****.]
Gold:   1270       SH:  0    Dex: 18      Spells: 11 memorised, 10 levels left

rFire  + . .     SeeInvis +     a - +2 short sword (protect)
rCold  . . .     Gourm    .     p - +1 robe
rNeg   . . .     Faith    .     (shield restricted)
rPois  +         Spirit   .     (helmet restricted)
rElec  .         Reflect  .     i - +1 cloak
rCorr  +         Harm     .     (gloves unavailable)
MR     ++...                    (boots unavailable)
Stlth  +++++++++.               o - amulet of regeneration
                                A - ring of resist corrosion
                                P - ring of protection from fire

@: protection aura, wreathed by umbra, very quick
A: unfitting armour, see invisible, herbivore 3, speed 3, poison resistance,
robust 1, screaming 1, slow metabolism 2
a: Shadow Step, Shadow Form, Renounce Religion


You were on level 1 of the Snake Pit.
You worshipped Dithmenos.
Dithmenos was extremely pleased with you.
You were not hungry.

You visited 4 branches of the dungeon, and saw 16 of its levels.

You collected 1270 gold pieces.

Inventory:

Hand Weapons
 a - a +2 short sword of protection (weapon)
 b - a +2 dagger of protection
Missiles
 f - 97 poisoned needles
Armour
 i - a +1 cloak (worn)
 p - a +1 robe (worn)
Jewellery
 o - an amulet of regeneration (around neck)
 A - a ring of resist corrosion (right hand)
 K - an uncursed amulet of magic regeneration
 P - a ring of protection from fire (left hand)
 X - an uncursed ring of stealth
 Z - an uncursed ring of magical power
Wands
 c - a wand of paralysis (13/24)
 w - a wand of digging (14/24)
 C - a wand of confusion (31/48)
 Q - a wand of slowing (21/48)
 T - a wand of polymorph (12/24)
Scrolls
 g - 4 scrolls of magic mapping
 j - 5 scrolls of remove curse
 n - 3 scrolls of fear
 y - 2 scrolls of enchant armour
 H - 8 scrolls of identify
 I - a scroll of silence {unknown}
 L - a scroll of vulnerability {unknown}
 M - a scroll of enchant weapon
 U - 2 scrolls of recharging {unknown}
 W - a scroll of fog {unknown}
Potions
 k - 2 potions of berserk rage
 m - a potion of lignification
 r - a potion of heal wounds
 t - a potion of cancellation
 u - 2 potions of flight
 x - 2 potions of ambrosia
 z - a potion of curing
 B - a potion of brilliance
Books
 G - a book of Power

   Spells                             Type                      Level
   a - Fulminant Prism                Conjuration/Hexes            4
   b - Iskenderun's Mystic Blast      Conjuration                  4
   c - Venom Bolt                     Conjuration/Poison           5
   d - Bolt of Magma                  Conjuration/Fire/Earth       5
   e - Iron Shot                      Conjuration/Earth            6
   f - Orb of Destruction             Conjuration                  7
   g - Spellforged Servitor           Conjuration/Summoning        7
 J - a book of Minor Magic

   Spells                             Type                      Level
   a - Magic Dart                     Conjuration                  1
   b - Blink                          Translocation                2
   c - Call Imp                       Summoning                    2
   d - Repel Missiles                 Charms/Air                   2
   e - Slow                           Hexes                        2
   f - Conjure Flame                  Conjuration/Fire             3
   g - Mephitic Cloud                 Conjuration/Poison/Air       3
 S - a book of Air

   Spells                             Type                      Level
   a - Shock                          Conjuration/Air              1
   b - Swiftness                      Charms/Air                   2
   c - Repel Missiles                 Charms/Air                   2
   d - Static Discharge               Conjuration/Air              3
   e - Lightning Bolt                 Conjuration/Air              5
 Y - a book of Power

   Spells                             Type                      Level
   a - Fulminant Prism                Conjuration/Hexes            4
   b - Iskenderun's Mystic Blast      Conjuration                  4
   c - Venom Bolt                     Conjuration/Poison           5
   d - Bolt of Magma                  Conjuration/Fire/Earth       5
   e - Iron Shot                      Conjuration/Earth            6
   f - Orb of Destruction             Conjuration                  7
   g - Spellforged Servitor           Conjuration/Summoning        7
Comestibles
 d - 5 bread rations
 s - 11 slices of pizza
 D - 2 royal jellies
 F - 3 fruits


   Skills:
 - Level 4.6 Fighting
 * Level 11.7 Short Blades
 * Level 11.5 Dodging
 - Level 15.0 Stealth
 + Level 13.0 Spellcasting
 + Level 1.9 Conjurations
 - Level 12.8 Hexes
 - Level 1.0 Summonings
 - Level 5.0 Translocations
 - Level 1.0 Ice Magic
 - Level 0.1 Air Magic
 - Level 1.0 Invocations
 + Level 1.0 Evocations


You had 10 spell levels left.
You knew the following spells:

 Your Spells              Type           Power        Failure   Level  Hunger
a - Blink                 Tloc           N/A          1%          2    None
b - Ensorcelled Hibernat  Hex/Ice        #####.       1%          2    None
c - Confuse               Hex            ######..     1%          3    None
d - Tukima's Dance        Hex            ######..     1%          3    None
e - Dazzling Spray        Conj/Hex       #####.       1%          3    None
f - Mephitic Cloud        Conj/Pois/Air  ##......     17%         3    None
g - Call Imp              Summ           ###.....     8%          2    None
h - Static Discharge      Conj/Air       ###.....     14%         3    None
i - Repel Missiles        Chrm/Air       ##....       12%         2    None
j - Shock                 Conj/Air       ###.         4%          1    None
k - Fulminant Prism       Conj/Hex       #####.....   2%          4    #......


Dungeon Overview and Level Annotations

Branches:
Dungeon (8/15)             Temple (1/1) D:4            Lair (6/6) D:8
 Shoals (0/4) Lair:3        Snake (1/4) Lair:3        Slime (0/5) Lair:5

Altars:
Ashenzari
Cheibriados
Dithmenos
Elyvilon
Fedhas
Gozag
Hepliaklqana
Kikubaaqudgha
Makhleb
Nemelex Xobeh
Okawaru
Qazlal
Ru
Sif Muna
Trog
Uskayaw
Vehumet
Xom
Zin
The Shining One
Jiyva

Annotations:
D:5 waa


Innate Abilities, Weirdness & Mutations

You are very small and have problems with some larger weapons.
You are too small for most types of armour.
You have supernaturally acute eyesight. (SInv)
You are a herbivore.
You cover ground extremely quickly.
You need consume almost no food.
Your system is resistant to poisons. (rPois)
You are robust. (+10% HP)
You occasionally shout uncontrollably at your foes.


Message History

You hit the naga.
The naga is heavily wounded.
You hit the naga but do no damage.
The naga is heavily wounded.
You feel sick. The naga completely misses you. The naga closely misses you.
Your white imp hits the naga but does no damage.
You feel better. The naga spits poison at you. The splash of poison misses you.
You hit the naga.
The naga is heavily wounded.
Your shadow hits the naga but does no damage.
The naga sharpshooter mumbles some strange words.
The naga sharpshooter magically shoots an arrow.
The arrow hits you!!
* * * LOW HITPOINT WARNING * * *
The naga sharpshooter mumbles some strange words.
The naga sharpshooter magically shoots an arrow.
The arrow hits you!!
You die...

...####....# ...#
####.## ...######...#
##### ..........### ###
#)..#
###.####...#####.###.(.#
#..#.##..........####
#.##......#.###(....#
... ###....#5S..N.NN.#
...# ####.@5####..NN.N.
.... ###(N# .###.S. ...#
##NN.N... ##N ##.....
.....# ..... ..#.# #


You could see 2 naga sharpshooters, an anaconda, 4 nagas, a friendly crimson imp
and a friendly white imp.

Vanquished Creatures
  4 hydras (Lair:6)
  A naga warrior (Snake:1)
  2 catoblepae
  7 death yaks
  The ghost of donomii the Ruffian, a novice TrMo of Okawaru (D:8)
  The ghost of Elizilla the Grappler, a novice TrMo (D:5)
  2 elephants (Lair:6)
  9 black mambas
  A siren (Lair:3)
  A torpor snail (Lair:2)
  11 spiny frogs
  7 komodo dragons
  3 rime drakes
  20 blink frogs
  9 hippogriffs
  2 dream sheep (Lair:6)
  3 wyverns
  2 basilisks
  25 yaks
  Eustachio (D:5)
  3 nagas (Lair:3)
  12 water moccasins
  6 porcupines
  Duvessa (D:4)
  4 orc warriors
  2 ice beasts
  A sky beast (D:6)
  2 ogres
  A phantom (D:4)
  6 wolves
  10 crocodiles
  9 bullfrogs
  3 elf skeletons (D:4)
  Dowan (D:4)
  3 scorpions
  5 killer bees
  4 wights (D:8)
  2 howler monkeys
  4 electric eels
  3 crimson imps (D:5)
  5 quasits
  2 jellies
  Crazy Yiuf (D:3)
  2 orc priests
  3 hounds
  A bullfrog skeleton (D:4)
  2 human skeletons (D:4)
  3 iguanas
  9 orc wizards
  6 worker ants
  A hound zombie (D:6)
  A howler monkey skeleton (D:4)
  14 adders
  A river rat (Lair:6)
  An ooze (D:2)
  An adder skeleton (D:5)
  An adder zombie (D:5)
  3 worms
  4 dart slugs
  7 leopard geckos
  34 orcs
  2 ball pythons
  12 bats
  7 giant cockroaches
  13 goblins
  14 hobgoblins
  12 jackals
  6 quokkas
  10 frilled lizards
  14 kobolds
  A leopard gecko zombie (D:8)
  An orc skeleton (D:4)
  2 quokka skeletons
  11 rats
  2 fungi
403 creatures vanquished.

Vanquished Creatures (collateral kills)
  3 orcs (D:6)
3 creatures vanquished.

Vanquished Creatures (others)
  A bush (Lair:2)
  2 fulminant prisms
  22 fungi
  12 plants
37 creatures vanquished.

Grand Total: 443 creatures vanquished

Notes
Turn   | Place    | Note
-------+----------+-------------------------------------------
     0 | D:1      | miro123 the Spriggan Enchanter began the quest for the Orb.
     0 | D:1      | Reached XP level 1. HP: 9/9 MP: 5/5
   357 | D:1      | Reached skill level 5 in Stealth
   370 | D:1      | Reached XP level 2. HP: 13/13 MP: 6/6
   377 | D:1      | Learned a level 2 spell: Ensorcelled Hibernation
  1807 | D:1      | Reached XP level 3. HP: 16/16 MP: 2/8
  3004 | D:2      | Reached skill level 1 in Ice Magic
  3004 | D:2      | Reached XP level 4. HP: 21/21 MP: 9/9
  3019 | D:2      | Found a hazy altar of Hepliaklqana.
  3032 | D:2      | Found a bloodstained altar of Trog.
  3039 | D:2      | Found an opulent altar of Gozag.
  3360 | D:2      | Reached skill level 6 in Stealth
  3873 | D:2      | Found a deep blue altar of Sif Muna.
  4003 | D:2      | Reached XP level 5. HP: 14/24 MP: 8/10
  4412 | D:2      | Found a burning altar of Makhleb.
  4796 | D:3      | Reached skill level 7 in Stealth
  4957 | D:3      | Learned a level 3 spell: Confuse
  5158 | D:3      | Reached XP level 6. HP: 28/28 MP: 6/11
  5242 | D:3      | Found a runed door.
  5246 | D:3      | Noticed Crazy Yiuf
  5376 | D:3      | Killed Crazy Yiuf
  6716 | D:3      | Reached skill level 8 in Stealth
  6816 | D:4      | Noticed an orc warrior
  6917 | D:4      | Noticed Dowan
  6918 | D:4      | Noticed Duvessa
  7767 | D:4      | Reached XP level 7. HP: 30/32 MP: 9/12
  7843 | D:4      | Reached skill level 9 in Stealth
  8795 | D:4      | Killed Duvessa
  8795 | D:4      | Reached skill level 5 in Short Blades
  8901 | D:4      | Killed Dowan
  8901 | D:4      | Reached skill level 10 in Stealth
  8901 | D:4      | Reached skill level 5 in Hexes
  9005 | D:4      | Found a staircase to the Ecumenical Temple.
  9009 | Temple   | Entered the Ecumenical Temple
  9081 | Temple   | Became a worshipper of Dithmenos the Shadowed
  9103 | D:4      | Found a shimmering altar of Xom.
  9110 | D:4      | Found a shimmering altar of Xom.
  9110 | D:4      | Found a shimmering altar of Xom.
  9111 | D:4      | Found a shimmering altar of Xom.
  9497 | D:4      | Reached XP level 8. HP: 27/36 MP: 13/13
 10286 | D:5      | Entered Level 5 of the Dungeon
 10529 | D:5      | Reached skill level 11 in Stealth
 10571 | D:5      | Found a stormy altar of Qazlal.
 10614 | D:6      | Reached * piety under Dithmenos
 10930 | D:5      | Reached skill level 12 in Stealth
 11035 | D:5      | Noticed Elizilla's ghost (novice TrMo)
 11054 | D:5      | Killed Elizilla's ghost
 11054 | D:5      | Reached skill level 5 in Dodging
 11054 | D:5      | Reached XP level 9. HP: 39/39 MP: 2/14
 11154 | D:5      | Found a glowing silver altar of Zin.
 11260 | D:5      | Reached skill level 13 in Stealth
 11268 | D:5      | Learned a level 3 spell: Tukima's Dance
 11272 | D:5      | Learned a level 3 spell: Dazzling Spray
 11707 | D:5      | Noticed Eustachio
 11714 | D:5      | Killed Eustachio
 11856 | D:6      | Reached skill level 1 in Invocations
 12444 | D:6      | Found an iron altar of Okawaru.
 12681 | D:5      | Reached skill level 14 in Stealth
 13090 | D:7      | Reached ** piety under Dithmenos
 13339 | D:7      | Reached skill level 1 in Fighting
 14269 | D:8      | Noticed donomii's ghost (novice TrMo)
 14296 | D:8      | Killed donomii's ghost
 14296 | D:8      | Reached skill level 15 in Stealth
 14296 | D:8      | Reached skill level 5 in Spellcasting
 14296 | D:8      | Reached XP level 10. HP: 46/46 MP: 4/18
 14428 | D:8      | Found a staircase to the Lair.
 15006 | D:8      | Reached skill level 1 in Conjurations
 15400 | Lair:1   | Entered Level 1 of the Lair of Beasts
 15403 | Lair:1   | Found a frozen archway.
 15571 | Lair:1   | Learned a level 2 spell: Blink
 15630 | Lair:1   | Noticed a spiny frog
 15637 | Lair:1   | Killed a spiny frog
 15637 | Lair:1   | Reached skill level 1 in Translocations
 15882 | Lair:1   | Reached *** piety under Dithmenos
 16544 | Lair:2   | Noticed a spiny frog
 16548 | Lair:2   | Killed a spiny frog
 16548 | Lair:2   | Reached skill level 10 in Hexes
 16785 | Lair:2   | Reached XP level 11. HP: 50/50 MP: 12/19
 17142 | Lair:2   | Noticed a death yak
 17153 | Lair:2   | Noticed a death yak
 17154 | Lair:2   | Noticed a death yak
 17155 | Lair:2   | Noticed a death yak
 17469 | Lair:2   | Noticed a death yak
 17569 | Lair:2   | Killed a death yak
 17614 | Lair:2   | HP: 2/50 [death yak (18)]
 17841 | Lair:2   | Reached skill level 5 in Translocations
 17974 | Lair:2   | Reached skill level 10 in Short Blades
 18317 | Lair:3   | Noticed a catoblepas
 18321 | Lair:3   | Killed a catoblepas
 18650 | Lair:3   | Found a staircase to the Snake Pit.
 19496 | Lair:3   | Reached XP level 12. HP: 44/56 MP: 22/24
 19856 | Lair:3   | Found a staircase to the Shoals.
 20163 | Lair:4   | Noticed a death yak
 20163 | Lair:4   | Noticed a death yak
 20242 | Lair:4   | Noticed a death yak
 20319 | Lair:4   | Reached **** piety under Dithmenos
 20592 | Lair:4   | Noticed a death yak
 20594 | Lair:4   | Noticed a death yak
 20601 | Lair:4   | Noticed a death yak
 20637 | Lair:4   | Killed a death yak
 20806 | Lair:4   | Killed a death yak
 20806 | Lair:4   | Reached skill level 1 in Evocations
 21070 | Lair:4   | Killed a death yak
 21362 | Lair:4   | Reached skill level 10 in Spellcasting
 21573 | Lair:5   | Found a viscous altar of Jiyva.
 21573 | Lair:5   | Found a staircase to the Slime Pits.
 22060 | Lair:6   | Entered Level 6 of the Lair of Beasts
 22060 | Lair:6   | Noticed a five-headed hydra
 22076 | Lair:6   | Killed a five-headed hydra
 23357 | Lair:6   | Reached XP level 13. HP: 57/63 MP: 27/29
 23589 | Lair:6   | Learned a level 3 spell: Mephitic Cloud
 23631 | Lair:6   | Reached skill level 10 in Dodging
 24737 | Lair:6   | Gained mutation: Your system is resistant to poisons. (rPois) [potion of mutation]
 24737 | Lair:6   | Gained mutation: You are robust. (+10% HP) [potion of mutation]
 24737 | Lair:6   | Gained mutation: You occasionally shout uncontrollably at your foes. [potion of mutation]
 25451 | Lair:6   | Learned a level 2 spell: Call Imp
 25455 | Lair:6   | Learned a level 3 spell: Static Discharge
 25458 | Lair:6   | Learned a level 2 spell: Repel Missiles
 25460 | Lair:6   | Learned a level 1 spell: Shock
 25465 | Lair:6   | Learned a level 4 spell: Fulminant Prism
 25988 | Lair:6   | Reached skill level 1 in Summonings
 26019 | Lair:6   | Reached ***** piety under Dithmenos
 26274 | Snake:1  | Entered Level 1 of the Snake Pit
 26520 | Snake:1  | Shot with an arrow by a naga sharpshooter

Skill      XL: |  1  2  3  4  5  6  7  8  9 10 11 12 13 |
---------------+----------------------------------------+-----
Stealth        | 5 6 7 8 10 12 15 | 15.0
Short Blades   | 2 3 4 5 6 7 9 10 11 | 11.7
Spellcasting   | 3 5 7 11 13 | 13.0
Ice Magic      | 1 |  1.0
Hexes          | 4 5 6 7 10 11 12 | 12.8
Dodging        | 4 5 7 8 9 11 | 11.5
Invocations    | 1 |  1.0
Fighting       | 1 3 4 |  4.6
Conjurations   | 1 |  1.9
Translocations | 3 5 |  5.0
Evocations     | 1 |  1.0
Summonings     | 1 |  1.0
Air Magic      | |  0.1

Action                   |  1- 3 |  4- 6 |  7- 9 | 10-12 | 13-15 || total
-------------------------+-------+-------+-------+-------+-------++-------
Melee: Dagger            |    30 |       |       |       |       ||    30
       Short sword       |   102 |   280 |   445 |   458 |   166 ||  1451
 Cast: Corona            |     5 |     8 |     4 |       |       ||    17
       Ensorcelled Hiber |    35 |    61 |    86 |   150 |    42 ||   374
       Confuse           |       |     8 |    35 |    49 |     7 ||    99
       Dazzling Spray    |       |       |     7 |    65 |    14 ||    86
       Tukima's Dance    |       |       |     1 |       |       ||     1
       Blink             |       |       |       |     3 |     5 ||     8
       Call Imp          |       |       |       |       |    14 ||    14
       Mephitic Cloud    |       |       |       |       |     8 ||     8
       Fulminant Prism   |       |       |       |       |     2 ||     2
Invok: Shadow Step       |       |       |       |     1 |       ||     1
Evoke: Wand              |       |       |     1 |     7 |       ||     8
  Use: Scroll            |       |     4 |    10 |     7 |     3 ||    24
       Potion            |       |     1 |       |     6 |    11 ||    18
 Stab: Sleeping          |    25 |    52 |    68 |    99 |    18 ||   262
       Distracted        |     1 |     1 |     2 |     1 |       ||     5
       Confused          |       |     5 |    22 |    24 |     8 ||    59
       Invisible         |       |       |       |    16 |     6 ||    22
  Eat: Bread ration      |     1 |     1 |     3 |     2 |       ||     7
Armor: Robe              |    21 |    57 |    74 |    19 |    12 ||   183
Dodge: Dodged            |    89 |   235 |   418 |   289 |   128 ||  1159
Block: Other             |       |       |     5 |     7 |       ||    12
